 Dungeon Crawl Stone Soup version 0.25.1-2-g60ff931df9 (webtiles) character file.

Game seed: 2585086340897800462

81 Fallenstar the Shield-Bearer (level 4, 0/40 HPs)
             Began as a Minotaur Fighter on Sept 8, 2020.
             Killed by divine providence
             ... invoked by an orc priest
              (13 damage)
             ... on level 3 of the Dungeon.
             The game lasted 00:03:34 (1278 turns).

Fallenstar the Shield-Bearer (Minotaur Fighter)     Turns: 1278, Time: 00:03:36

Health: 0/40       AC:  6    Str: 22    XL:     4   Next: 20%
Magic:  3/3        EV:  7    Int:  5    God:
Gold:   108        SH:  9    Dex:  9    Spells: 3/3 levels left

rFire    . . .     SeeInvis .   a - +0 war axe
rCold    . . .     Gourm    .   c - +0 kite shield
rNeg     . . .     Faith    .   b - +0 scale mail
rPois    .         Spirit   .   (helmet restricted)
rElec    .         Reflect  .   (no cloak)
rCorr    .         Harm     .   (no gloves)
MR       .....                  (no boots)
Stlth    ..........             (no amulet)
HPRegen  0.13/turn              (no ring)
MPRegen  0.08/turn              (no ring)

@: brilliant, heavily drained
A: retaliatory headbutt, horns 2
a: no special abilities


You were on level 3 of the Dungeon.
You were not hungry.

You visited 1 branch of the dungeon, and saw 3 of its levels.

You collected 108 gold pieces.

Inventory:

Hand Weapons
 a - a +0 war axe (weapon)
Armour
 b - a +0 scale mail (worn)
 c - a +0 kite shield (worn)
Jewellery
 h - an uncursed ring of protection from cold {unknown}
 o - an uncursed ring of flight {unknown}
Scrolls
 e - 5 scrolls of identify {unknown}
 g - a scroll of teleportation {unknown}
 j - a scroll of noise {unknown}
 m - a scroll of enchant weapon {unknown}
 n - 2 scrolls of remove curse {unknown}
Potions
 d - 2 potions of might
 l - a potion of brilliance
 p - a potion of stabbing {unknown}
 q - a potion of heal wounds {unknown}
Comestibles
 f - 8 rations
 i - 3 chunks of flesh


   Skills:
 + Level 4.1(2.7) Fighting
 + Level 3.4(2.1) Axes
 * Level 4.4(3.1) Armour
 * Level 4.5(3.1) Shields


You had 3 spell levels left.
You didn't know any spells.
Your spell library was empty.

Dungeon Overview and Level Annotations

Branches:
Dungeon (3/15)

Altars:
Fedhas
Uskayaw
Xom


Innate Abilities, Weirdness & Mutations

You reflexively headbutt those who attack you in melee.
You have a pair of horns on your head.


Message History

You feel clever all of a sudden. Something hits you but does no damage.
You block the orc priest's attack. You block something's attack.
Your shield and scale mail prevent you from hitting the orc priest.
The orc priest is moderately wounded.
You miss something. You barely miss something. You block something's attack.
The orc priest hits you but does no damage.
Something hits you but does no damage. x2; You block the orc priest's attack.
You hit the orc priest. You headbutt the orc priest.
The orc priest is severely wounded.
You miss something. x2; Something hits you but does no damage. x2
The orc priest invokes the aid of Beogh against you.
Beogh smites you! Something hits you but does no damage.
You hit the orc priest but do no damage.
The orc priest is severely wounded.
You closely miss something. You barely miss something.
Something hits you but does no damage.
The orc priest calls down the wrath of Beogh upon you.
Beogh smites you!
You die...

#.# #.# ##.# #.#
#..# #.# #.##
#.# #.# #.#
##.## #.# #...#
####.####...#
#...@..)....#
.....##o.##..###
### ##.##>.#
#.##..####
#.##.{...####
#.##........#
#.##.##.###..#
#...##.♣_# .#
#..##.♣ #≈#


You could see an orc priest.

Vanquished Creatures
  An adder (D:2)
  A howler monkey skeleton (D:3)
  An ooze (D:1)
  2 dart slugs
  2 leopard geckos
  An orc (D:3)
  3 bats (D:1)
  A giant cockroach (D:3)
  7 goblins
  6 hobgoblins
  6 jackals (D:2)
  A quokka (D:2)
  5 frilled lizards (D:1)
  11 kobolds
  2 rats
50 creatures vanquished.

Notes
Turn   | Place    | Note
-------+----------+-------------------------------------------
     0 | D:1      | Fallenstar the Minotaur Fighter began the quest for the
                  | Orb.
     0 | D:1      | Reached XP level 1. HP: 19/19 MP: 0/0
    70 | D:1      | Reached XP level 2. HP: 27/27 MP: 1/1
   136 | D:1      | You fall into a shaft and drop 1 floor!
   420 | D:2      | Reached XP level 3. HP: 33/33 MP: 2/2
   503 | D:2      | Found a blossoming altar of Fedhas.
  1113 | D:3      | Reached XP level 4. HP: 40/40 MP: 3/3
  1174 | D:3      | Found a hide-covered altar of Uskayaw.
  1238 | D:3      | Found a shimmering altar of Xom.
  1241 | D:3      | Found a shimmering altar of Xom.
  1278 | D:3      | Killed from afar by an orc priest

Illustrated notes

Levels and vault maps discovered:
D:1:      psy_arrival_terrarium, layout_basic
D:2:      layout_loops_cross, minivault_25, minivault_24, fedhas_altar_1
D:3:      layout_loops_ring, nicolae_overflow_crystal_walls,
          overflow_temple_1_default, first_ration, xom_redecorated

Skill      XL: |  1  2  3 |
---------------+----------+-----
Armour         | 4 |  4.4
Shields        | 4 |  4.5
Fighting       | 4 |  4.1
Axes           | 3 |  3.4

Action                   |  1- 3 |  4- 6 || total
-------------------------+-------+-------++-------
Melee: War axe           |    89 |    21 ||   110
       Headbutt          |    16 |     5 ||    21
  Use: Potion            |       |     5 ||     5
  Eat: Chunk             |     1 |       ||     1
Armor: Scale mail        |    43 |    21 ||    64
Dodge: Dodged            |    29 |     6 ||    35
Block: Kite shield       |    46 |    16 ||    62
